 Dungeon Crawl Stone Soup version 0.32-a0-132-g2d33c3cfaf (webtiles) character file.

Game seed: 18177209194416736497

89 jasper the Changeling (level 4, 0/25 HPs)
             Began as a Deep Elf Shapeshifter on Feb 9, 2024.
             Slain by a gnoll
             ... wielding a +0 whip
              (4 damage)
             ... on level 2 of the Dungeon.
             The game lasted 00:02:57 (1825 turns).

jasper the Changeling (Deep Elf Shapeshifter)       Turns: 1825, Time: 00:02:58

Health: 0/25       AC:  2    Str: 11    XL:     4   Next: 31%
Magic:  0/6        EV: 12    Int: 17    God:
Gold:   60         SH:  0    Dex: 14    Spells: 2/3 levels left

rFire   . .          .
                       - Unarmed
rCold   . . .        (no shield)
rNeg    . . .        a - +0 animal skin
rPois   .            (helmet currently unavailable)
rElec   .            (cloak currently unavailable)
rCorr   .            (gloves currently unavailable)
SInv    .            (boots currently unavailable)
Will    .....        (no amulet)
Stlth   +            (no ring)
HPRegen 0.24/turn    (no ring)
MPRegen 0.10/turn

%: no passive effects
@: beast-form, hasted, very quick
A: beast (slay +2)
a: Begin Untransformation


You were on level 2 of the Dungeon.
You were a hulking beast.
You visited 1 branch of the dungeon, and saw 3 of its levels.

You collected 60 gold pieces.

Inventory:

Armour
 a - a +0 animal skin (worn)
 g - a +1 pair of boots
Talismans
 c - a beast talisman
 d - a flux talisman
Scrolls
 b - 2 scrolls of teleportation
Potions
 j - a potion of might {unknown}
 k - a potion of heal wounds {unknown}
 l - a potion of haste
 m - a potion of cancellation {unknown}


   Skills:
 - Level 1.6 Fighting
 - Level 2.4 Dodging
 - Level 2.4 Unarmed Combat
 - Level 2.0 Conjurations
 + Level 2.3 Alchemy
 - Level 3.8 Shapeshifting


You had 2 spell levels left.
You knew the following spells:

 Your Spells              Type           Power      Damage    Failure   Level
a - Sting                 Conj/Alch      28%        1d4       10%         1

Your spell library contained the following spells:

 Spells                   Type           Power      Damage    Failure   Level
 Kiss of Death            Conj/Necr      12%        2d6       16%         1
 Mercury Vapours          Alch/Air       6%         N/A       22%         2
 Olgreb's Toxic Radiance  Alch           7%         N/A       67%         4


Dungeon Overview and Level Annotations

Branches:
Dungeon (3/15)

Altars:

Shops:
D:2 (


Message History

A gnoll comes into view. It is wielding a +0 spear.
You take 9 damage, and have 16/25 hp.
MASSIVE DAMAGE!!
You now have 1/6 mp.
Aiming: Sting (safe; 11% risk of failure)
Press: ? - help, Q - select action Shift-Dir - straight line, f/p - gnoll
Aim: a gnoll, wielding a +0 halberd and wearing a +0 ring mail (heavily wounded, extremely poisoned, 77% to hit)
The sting hits the gnoll.
The gnoll looks as sick as possible!
The gnoll is severely wounded.
The gnoll closely misses you.
You now have 0/6 mp.
You kill the gnoll!
You climb upwards.
There is a stone staircase leading down here.
You climb downwards.
The gnoll hits you with a +0 whip. The gnoll misses you.
There is a stone staircase leading up, spattered with blood here.
You take 5 damage, and have 12/25 hp.
The gnoll hits you from afar with a +0 spear.
* * * LOW HITPOINT WARNING * * *
The gnoll misses you.
You climb upwards.
There is a stone staircase leading down here.
You take 4 damage, and have 8/25 hp.
The gnoll hits you with a +0 whip.
* * * LOW HITPOINT WARNING * * *
You take 1 damage, and have 7/25 hp.
You feel better. The gnoll barely misses you.
You regained 5 hp, and now have 12/25 hp.
Aiming: Sting (safe; 10% risk of failure)
Press: ? - help, Q - select action Shift-Dir - straight line, f - gnoll
Aim: a gnoll, wielding a +0 whip (72% to hit)
The sting hits the gnoll.
The gnoll is poisoned.
The gnoll is lightly wounded.
The gnoll hits you with a +0 whip!
* * * LOW HITPOINT WARNING * * *
You take 8 damage, and have 4/25 hp.
MASSIVE DAMAGE!!
You now have 0/6 mp.
You completely miss the gnoll.
The gnoll is lightly wounded.
The gnoll closely misses you.
It was a potion of haste.
You feel yourself speed up. The gnoll hits you with a +0 whip.
You die...

##############.....#####
#............'.........#
#.##....######.....###.# ########
#.##....######.....+.#.# #.......
#.##...............#.#.###.######
#.###.#######......#.......# #
....#.# #.##...#.....).# #
....#)#######.##)..#.......# #
....'...........h..........# #
....#.##.#######g#.######### #
.................#....†....# #
...............#.#..######.# #
...............#.#..# #.# #
...............#.#..# #.# #
.......#'####'##.#..# #.# #
....##.#......#..#..# #.# #
.....#.......<#..#..######.######


You could see a gnoll (poisoned).

Vanquished Creatures
  4 gnolls
  A dart slug (D:2)
  A ribbon worm (D:2)
  2 bats
  3 endoplasms (D:1)
  2 giant cockroaches
  5 goblins
  6 hobgoblins
  5 jackals
  5 kobolds
  3 ball pythons (D:1)
  A frilled lizard (D:2)
  5 rats
43 creatures vanquished.

Notes
Turn   | Place    | Note
-------+----------+-------------------------------------------
     0 | D:1      | jasper the Deep Elf Shapeshifter began the quest for the
                  | Orb.
     0 | D:1      | Reached XP level 1. HP: 11/11 MP: 3/3
    43 | D:1      | Reached skill level 1 in Fighting
   171 | D:1      | Reached XP level 2. HP: 14/16 MP: 4/4
   376 | D:1      | Found a faded altar of an unknown god.
   387 | D:1      | Got Plato's Notes on Debased Mysteries
   911 | D:2      | Learned a level 1 spell: Sting
   955 | D:2      | Reached XP level 3. HP: 14/20 MP: 2/5
  1097 | D:2      | Noticed a +0 demon trident
  1099 | D:2      | Found Okiof's Weapon Shop.
  1101 | D:2      | Noticed a +0 triple crossbow
  1105 | D:2      | Reached skill level 1 in Alchemy
  1112 | D:2      | Reached skill level 1 in Conjurations
  1702 | D:2      | Reached XP level 4. HP: 10/25 MP: 1/6
  1825 | D:2      | Slain by a gnoll

Illustrated notes

Levels and vault maps discovered:
D:1:      dpeg_arrival_refuge, layout_loops_corners,
          shapermc_ecumenical_altar_rom_forum
D:2:      layout_basic, serial_shops, nicolae_shop_mannequins
D:3:      layout_basic, grunt_temple_overflow_forces_of_nature,
          kennysheep_big_empty_room

Skill      XL: |  1  2  3  4 |
---------------+-------------+-----
Fighting       | 1 |  1.6
Alchemy        | 1 2 |  2.3
Conjurations   | 1 2 |  2.0
Dodging        | |  2.4
Unarmed Combat | |  2.4
Shapeshifting  | |  3.8

Action                     |  1- 3 |  4- 6 || total
---------------------------+-------+-------++-------
  Melee: Unarmed           |    93 |     3 ||    96
         Punch             |     6 |       ||     6
   Cast: Sting             |     9 |    11 ||    20
    Use: Scroll            |     6 |       ||     6
         Potion            |     3 |     2 ||     5
   Stab: Sleeping          |     2 |       ||     2
 Armour: Animal skin       |    40 |     8 ||    48
         Skin              |     5 |       ||     5
  Dodge: Dodged            |    44 |    11 ||    55

Table legend: (Time is in decaauts)
 A = Elapsed time spent in this place.
 B = Non-inter-level travel time spent in this place.
 C = Inter-level travel time spent in this place.
 D = Time resting spent in this place.
 E = Time spent auto-exploring this place.
 F = Levels seen in this place.
 G = Mean time per level.
                   A        B        C        D        E       F      G
               +--------+--------+--------+--------+--------+-----+--------+
         Total |   1824 |   1796 |     28 |    165 |   1285 |   3 |  608.0 |
       Dungeon |   1824 |   1796 |     28 |    165 |   1285 |   3 |  608.0 |
               +--------+--------+--------+--------+--------+-----+--------+

Top non-repeatable levels by time:
     D:2: 923 daAuts
     D:1: 869 daAuts
     D:3: 31 daAuts
